 Dungeon Crawl Stone Soup version 0.26-a0-652-gafc20e3620 (webtiles) character file.

Game seed: 9889682337840525037

2492 smeego the Slasher (level 9, -2/61 HPs)
             Began as an Octopode Fighter on Oct 3, 2020.
             Was an Initiate of Gozag.
             Slain by an orc
             ... wielding a +0 trident
              (8 damage)
             ... on level 8 of the Dungeon.
             The game lasted 00:08:09 (8191 turns).

smeego the Slasher (Octopode Fighter)               Turns: 8191, Time: 00:08:09

Health: -2/61      AC:  1    Str: 15    XL:     9   Next: 52%
Magic:  9/9        EV: 13    Int: 14    God:    Gozag
Gold:   336        SH:  9    Dex: 11    Spells: 8/8 levels left

rFire    . . .     SeeInvis .   a - +1 long sword
rCold    . . .     Faith    .   b - +0 kite shield
rNeg     . . .     Spirit   .   (helmet restricted)
rPois    .         Reflect  .   l - amulet of regeneration
rElec    .         Harm     .   (no ring)
rCorr    .         Rampage  .   (no ring)
MR       .....                  (no ring)
Stlth    ++++......             (no ring)
HPRegen  0.60/turn              (no ring)
MPRegen  0.11/turn              (no ring)
                                (no ring)
                                (no ring)

@: no status effects
A: almost no armour, stealthy swim, amphibious, 8 rings, constrict 8, camouflage
1, gelatinous body 1
a: Potion Petition, Call Merchant, Bribe Branch, Renounce Religion


You were on level 8 of the Dungeon.
You worshipped Gozag.
Gozag was aware of your devotion.
You visited 2 branches of the dungeon, and saw 9 of its levels.

You collected 500 gold pieces.
You paid 164 gold pieces to Gozag.

Inventory:

Hand Weapons
 a - a +1 long sword (weapon)
Armour
 b - a +0 kite shield (worn)
Jewellery
 g - an uncursed amulet of magic regeneration
 l - an amulet of regeneration (around mantle)
Wands
 m - a wand of iceblast (17)
 o - a wand of random effects (24)
 w - a wand of digging (12)
Scrolls
 d - a scroll of identify
 f - 2 scrolls of amnesia
 i - 4 scrolls of teleportation
 n - 3 scrolls of fear {unknown}
 r - a scroll of enchant weapon
 s - 2 scrolls of fog {unknown}
 u - a scroll of magic mapping
 v - a scroll of remove curse
Potions
 c - 2 potions of might
 e - 2 potions of ambrosia
 h - 2 potions of flight
 j - a potion of degeneration
 k - a potion of curing
 p - a potion of lignification
 t - a potion of heal wounds


   Skills:
 + Level 5.1 Fighting
 * Level 6.3 Long Blades
 + Level 4.0 Throwing
 + Level 5.3 Dodging
 + Level 5.9 Stealth
 + Level 5.2 Shields
 + Level 3.9 Unarmed Combat
 + Level 3.3 Evocations


You had 8 spell levels left.
You didn't know any spells.
Your spell library was empty.

Dungeon Overview and Level Annotations

Branches:
Dungeon (8/15)             Temple (1/1) D:6
   Lair: D:8-11

Altars:
Ashenzari
Cheibriados
Dithmenos
Elyvilon
Fedhas
Gozag
Hepliaklqana
Kikubaaqudgha
Makhleb
Nemelex Xobeh
Okawaru
Qazlal
Ru
Sif Muna
Trog
Uskayaw
Vehumet
Wu Jian
Xom
Yredelemnul
Zin
The Shining One

Annotations:
D:4 1 runed translucent door, Crazy Yiuf
D:5 3 runed translucent doors, Sweetruy1997's ghost, amateur DsCK


Innate Abilities, Weirdness & Mutations

You cannot wear most types of armour.
You are very stealthy in the water. (Stealth+)
You are amphibious.
You can wear up to eight rings at the same time.
You can use your tentacles to constrict eight enemies at once.
Your skin changes colour to match your surroundings (Stealth+).
Your rubbery body absorbs attacks. (AC +1, EV +1)


Message History

Unknown command.
You slash the centaur!
You kill the centaur!
You block the orc's attack.
Unknown command.
You closely miss the orc. You grab the orc. You squeeze the orc.
You kill the orc!
Things that are here:
5 gold pieces; a +0 dagger; a cursed +0 leather armour
Found a dagger and 10 arrows.
The orc warrior is no longer paralysed.
You block the orc's attack.
The orc warrior hits you with a +0 dire flail!
* * * LOW HITPOINT WARNING * * *
The orc hits you with a +0 trident.
* * * LOW HITPOINT WARNING * * *
You barely miss the orc. Your grab misses the orc. You squeeze the orc.
The orc is lightly wounded.
You block the orc warrior's attack. The orc hits you with a +0 trident!
You die...
Your body crumbles into a pile of gold.

.## # #.. .. #.. $#
##.##.# .....# $#
##....#
##).#.##o....#
#.....o@.....#
#.....##...$.#
#..#......$..###### #
...##...$(......# .(
#...##..###.# ..
......##..#...# .
...........#.########
.....................
.#............#.#....


You could see an orc warrior and an orc.

Vanquished Creatures
  Prince Ribbit (D:6)
  Grinder (D:4)
  A water moccasin (D:8)
  Duvessa (D:7)
  A sky beast (D:7)
  An orc warrior (D:7)
  2 phantoms
  2 centaurs
  6 bullfrogs
  Dowan (D:7)
  2 scorpions
  4 killer bees (D:7)
  A quasit (D:5)
  A hound (D:6)
  2 orc priests
  A centaur skeleton (D:4)
  3 orc wizards
  4 worker ants
  Natasha (thrice) (D:2)
  An iguana (D:7)
  A hound skeleton (D:5)
  4 gnolls (D:6)
  3 adders
  2 shadow imps
  3 white imps
  2 ufetubi (D:7)
  An adder zombie (D:5)
  An adder skeleton (D:4)
  2 worms
  A dart slug (D:2)
  2 leopard geckos
  25 orcs
  A ball python (D:3)
  5 bats
  6 giant cockroaches
  10 goblins
  6 hobgoblins
  7 jackals
  4 quokkas
  2 frilled lizards (D:1)
  A jackal skeleton (D:5)
  10 kobolds
  10 rats
148 creatures vanquished.

Notes
Turn   | Place    | Note
-------+----------+-------------------------------------------
     0 | D:1      | smeego the Octopode Fighter began the quest for the Orb.
     0 | D:1      | Reached XP level 1. HP: 16/16 MP: 1/1
   206 | D:1      | Reached XP level 2. HP: 21/21 MP: 2/2
   697 | D:2      | Reached skill level 1 in Stealth
   779 | D:2      | Reached XP level 3. HP: 26/26 MP: 3/3
   878 | D:2      | Found an ornate altar of the Wu Jian Council.
  1086 | D:2      | Noticed Natasha
  1099 | D:2      | Killed Natasha
  1099 | D:2      | Reached skill level 1 in Throwing
  1099 | D:2      | Reached skill level 1 in Unarmed Combat
  1099 | D:2      | Reached XP level 4. HP: 13/31 MP: 4/4
  1101 | D:2      | Noticed Natasha
  1182 | D:2      | Killed Natasha
  1182 | D:2      | Reached skill level 3 in Long Blades
  1602 | D:2      | Found a hazy altar of Hepliaklqana.
  1680 | D:2      | Noticed Natasha
  1692 | D:2      | Killed Natasha
  1692 | D:2      | Reached XP level 5. HP: 18/36 MP: 5/5
  1958 | D:3      | Found a blossoming altar of Fedhas.
  2771 | D:3      | Reached XP level 6. HP: 17/42 MP: 6/6
  2998 | D:3      | Found an iron altar of Okawaru.
  3515 | D:4      | Noticed Grinder
  3880 | D:4      | Paralysed by Grinder for 2 turns
  3888 | D:4      | Killed Grinder
  3888 | D:4      | Reached skill level 4 in Long Blades
  3888 | D:4      | Reached XP level 7. HP: 7/47 MP: 7/7
  4406 | D:4      | Found a runed translucent door.
  4407 | D:4      | Noticed Crazy Yiuf
  4437 | D:5      | Entered Level 5 of the Dungeon
  4502 | D:5      | Found an ancient bone altar of Kikubaaqudgha.
  4751 | D:5      | Noticed Sweetruy1997's ghost (amateur DsCK)
  4772 | D:5      | Found a runed translucent gate.
  4772 | D:5      | Found a runed translucent gate.
  4772 | D:5      | Found a runed translucent gate.
  5386 | D:6      | Reached skill level 1 in Evocations
  5394 | D:6      | Reached XP level 8. HP: 22/54 MP: 8/8
  5731 | D:6      | Noticed Prince Ribbit
  5759 | D:6      | Killed Prince Ribbit
  5759 | D:6      | Reached skill level 5 in Long Blades
  6178 | D:6      | Found a snail-covered altar of Cheibriados.
  6629 | D:6      | Found a staircase to the Ecumenical Temple.
  6855 | D:7      | Found an ancient bone altar of Kikubaaqudgha.
  6858 | D:7      | Found a shimmering blue altar of Sif Muna.
  6861 | D:7      | Found a white marble altar of Elyvilon.
  6958 | D:7      | Reached skill level 5 in Stealth
  7099 | D:7      | Reached XP level 9. HP: 17/59 MP: 9/9
  7228 | D:7      | Reached skill level 5 in Dodging
  7335 | D:7      | Reached skill level 6 in Long Blades
  7423 | D:7      | Noticed Duvessa
  7423 | D:7      | Noticed Dowan
  7521 | D:7      | Killed Dowan
  7523 | D:7      | Killed Duvessa
  7523 | D:7      | Reached skill level 5 in Shields
  7814 | Temple   | Entered the Ecumenical Temple
  7821 | Temple   | Became a worshipper of Gozag Ym Sagoz the Greedy
  7865 | D:8      | Reached skill level 5 in Fighting
  8191 | D:8      | Slain by an orc

Illustrated notes

Levels and vault maps discovered:
D:1:      eino_arrival_cavern_d, layout_loops_ring, minmay_crystal_water
D:2:      layout_basic, nicolae_overflow_crystal_walls, old_standard_altar,
          minmay_3d_cube, uniq_natasha
D:3:      layout_rooms, lemuel_round_altar, okawaru_metal_pillars_1_2
D:4:      layout_cave_pools, uniq_grinder, uniq_crazy_yiuf_cottage
D:5:      layout_basic, gammafunk_ghost_icy, basic_altar
D:6:      layout_basic, minmay_temple_entry_overgrown, basic_altar,
          uniq_prince_ribbit1
D:7:      layout_rooms, grunt_temple_overflow_diamond, uniq_duvessa
D:8:      minmay_blocky_corners, layout_basic, serial_shops, kennysheep_mini,
          special_room [special_room_kobold], minmay_between, uniq_psyche
Temple:   nicolae_temple_no_exploring_needed

Skill      XL: |  1  2  3  4  5  6  7  8  9 |
---------------+----------------------------+-----
Stealth        | 1 2 3 4 5 |  5.9
Throwing       | 1 2 3 4 |  4.0
Unarmed Combat | 1 2 3 |  3.9
Long Blades    | 3 4 5 6 |  6.3
Dodging        | 4 5 |  5.3
Shields        | 4 5 |  5.2
Fighting       | 4 5 |  5.1
Evocations     | 1 2 3 |  3.3

Action                   |  1- 3 |  4- 6 |  7- 9 || total
-------------------------+-------+-------+-------++-------
Melee: Long sword        |    58 |    95 |   222 ||   375
       Constrict         |    15 |    28 |    46 ||    89
       Tentacles         |     9 |    18 |    40 ||    67
       Punch             |       |     1 |     1 ||     2
Evoke: Wand              |       |     3 |    12 ||    15
  Use: Potion            |       |     2 |     3 ||     5
       Scroll            |       |    10 |     3 ||    13
 Stab: Sleeping          |     6 |     6 |     7 ||    19
       Paralysed         |       |       |    13 ||    13
Armor: Skin              |     7 |     1 |    11 ||    19
Dodge: Dodged            |    24 |    59 |   111 ||   194
Block: Kite shield       |    19 |    63 |   129 ||   211
       Rpst.: Long sword |     6 |    17 |    26 ||    49

Table legend: (Time is in decaauts)
 A = Elapsed time spent in this place.
 B = Non-inter-level travel time spent in this place.
 C = Inter-level travel time spent in this place.
 D = Time resting spent in this place.
 E = Time spent auto-exploring this place.
 F = Levels seen in this place.
 G = Mean time per level.
                   A        B        C        D        E       F      G
               +--------+--------+--------+--------+--------+-----+--------+
         Total |   8335 |   7985 |    350 |   2883 |   3904 |   9 |  926.1 |
       Dungeon |   8321 |   7972 |    349 |   2883 |   3904 |   8 | 1040.1 |
        Temple |     14 |     14 |      0 |      0 |      0 |   1 |   14.0 |
               +--------+--------+--------+--------+--------+-----+--------+

Top non-repeatable levels by time:
     D:3: 1799 daAuts
     D:6: 1579 daAuts
     D:2: 1505 daAuts
     D:7: 980 daAuts
     D:5: 913 daAuts
     D:1: 700 daAuts
     D:4: 507 daAuts
     D:8: 334 daAuts
  Temple: 14 daAuts
